 Dungeon Crawl Stone Soup version 0.23.1 (webtiles) character file.

Game seed: 0

220 DarkinPup the Skirmisher (level 5, -3/42 HPs)
             Began as a Demonspawn Fighter on Mar 5, 2019.
             Killed by divine providence
             ... invoked by an orc priest
              (15 damage)
             ... on level 4 of the Dungeon on Mar 9, 2019.
             The game lasted 00:05:39 (3095 turns).

DarkinPup the Skirmisher (Demonspawn Fighter)       Turns: 3095, Time: 00:05:39

Health: -3/42      AC: 12    Str: 21    XL:     5   Next: 64%
Magic:  5/5        EV:  4    Int:  9    God:
Gold:   147        SH:  9    Dex: 12    Spells: 4/4 levels left

rFire    . . .     SeeInvis .   a - +0 long sword
rCold    . . .     Gourm    .   c - +0 shield
rNeg     . . .     Faith    .   m - +0 plate armour
rPois    .         Spirit   .   (no helmet)
rElec    .         Reflect  .   (no cloak)
rCorr    .         Harm     .   (no gloves)
MR       .....                  (no boots)
Stlth    ..........             (no amulet)
HPRegen  0.14/turn              r - +3 ring of strength
MPRegen  0.09/turn              (no ring)

@: no status effects
A: hooves 1, rugged brown scales 1
a: no special abilities


You were on level 4 of the Dungeon.
You were not hungry.

You visited 1 branch of the dungeon, and saw 4 of its levels.
You also visited: Sewer.

You collected 147 gold pieces.

Inventory:

Hand Weapons
 a - a +0 long sword (weapon)
Armour
 c - a +0 shield (worn)
 m - a +0 plate armour (worn)
Jewellery
 r - a +3 ring of strength (left hand)
Wands
 t - a wand of acid (8)
Scrolls
 g - 2 scrolls of fear
 h - a scroll of remove curse
 i - a scroll of identify {unknown}
 j - 2 scrolls of magic mapping {unknown}
 k - a scroll of amnesia {unknown}
 o - a scroll of teleportation
 p - a scroll of blinking {unknown}
Potions
 b - a potion of haste {unknown}
 d - 4 potions of might
 e - 4 potions of heal wounds {unknown}
 l - a potion of resistance {unknown}
 n - a potion of curing {unknown}
 q - a potion of degeneration {unknown}
 s - a potion of mutation {unknown}
Comestibles
 f - 7 rations


   Skills:
 + Level 3.6 Fighting
 * Level 3.3 Long Blades
 * Level 3.4 Armour
 - Level 2.0 Dodging
 + Level 3.4 Shields


You had 4 spell levels left.
You didn't know any spells.
Your spell library was empty.

Dungeon Overview and Level Annotations

Branches:
Dungeon (4/15)
 Temple: D:4-7

Altars:
The Shining One


Innate Abilities, Weirdness & Mutations

You have large cloven feet.
You are partially covered in rugged brown scales. (AC +1, +3% HP)


Message History

You block the orc priest's attack.
You barely miss the orc priest. Your kick misses the orc priest.
The orc priest is heavily wounded.
The orc priest looks braver for a moment.
You completely miss the orc priest. You kick the orc priest.
The orc priest is severely wounded.
The orc priest hits you but does no damage.
You closely miss the orc priest.
The orc priest is severely wounded.
The orc priest hits you.
* * * LOW HITPOINT WARNING * * *
The orc priest hits you but does no damage.
You hit the orc priest.
The orc priest is severely wounded.
You block the orc priest's attack.
You barely miss the orc priest. Your kick misses the orc priest.
The orc priest is severely wounded.
The orc priest mumbles some strange prayers to Beogh against you.
Beogh smites you!
You die...

.# ..#.# ...
..#.# ... #.#.#
. #.# #.#.###
..... .......
.##.#.###...#
..%.........###
.......<.@o...#
.##.#.###..####
.. ...... #.
##..#### # ....
...## #... ##.#


You could see an orc priest.

Vanquished Creatures
  Ijyb (D:3)
  Robin (D:2)
  6 adders
  A river rat (Sewer)
  4 worms
  A dart slug (D:2)
  8 leopard geckos
  5 orcs (D:3)
  7 ball pythons
  4 bats
  3 giant cockroaches (D:3)
  5 hobgoblins
  13 jackals
  2 quokkas
  8 frilled lizards
  13 goblins
  5 kobolds
  6 rats
93 creatures vanquished.

Notes
Turn   | Place    | Note
-------+----------+-------------------------------------------
     0 | D:1      | DarkinPup the Demonspawn Fighter began the quest for the
                  | Orb.
     0 | D:1      | Reached XP level 1. HP: 18/18 MP: 1/1
   217 | D:1      | Gained mutation: You are partially covered in rugged brown
                  | scales. (AC +1, +3% HP) [demonic ancestry]
   217 | D:1      | Reached XP level 2. HP: 15/24 MP: 2/2
   422 | D:1      | Reached skill level 1 in Dodging
   440 | D:1      | Found a glowing golden altar of the Shining One.
   750 | D:2      | Gained mutation: You have large cloven feet. [demonic
                  | ancestry]
   750 | D:2      | Reached XP level 3. HP: 14/29 MP: 3/3
  1112 | D:2      | Noticed Robin
  1138 | D:2      | Killed Robin
  1190 | D:2      | Reached XP level 4. HP: 27/36 MP: 4/4
  1616 | D:3      | Found a glowing drain.
  1654 | Sewer    | Entered a sewer
  2487 | D:3      | Reached XP level 5. HP: 42/42 MP: 5/5
  2904 | D:3      | Noticed Ijyb
  2912 | D:3      | Killed Ijyb
  3095 | D:4      | Killed from afar by an orc priest

Skill      XL: |  1  2  3  4 |
---------------+-------------+-----
Long Blades    | 2 3 |  3.3
Dodging        | 1 2 |  2.0
Shields        | 3 |  3.4
Armour         | 3 |  3.4
Fighting       | |  3.6

Action                   |  1- 3 |  4- 6 || total
-------------------------+-------+-------++-------
Melee: Long sword        |   107 |   243 ||   350
       Kick              |     6 |    55 ||    61
  Use: Scroll            |       |     3 ||     3
  Eat: Chunk             |     1 |     7 ||     8
Armor: Scale mail        |    71 |     1 ||    72
       Plate armour      |       |   162 ||   162
Dodge: Dodged            |    33 |    26 ||    59
Block: Shield            |    65 |   155 ||   220
       Rpst.: Long sword |    12 |     8 ||    20
